 Dungeon Crawl Stone Soup version 0.24-a0-616-ge2a249a (webtiles) character file.

Game seed: 8440395874275184571, levelgen mode: deterministic

98 JeffiDaFish the Skirmisher (level 4, -2/29 HPs)
             Began as a Gargoyle Fighter on Sept 14, 2019.
             Was an Initiate of Okawaru.
             Slain by a crocodile (12 damage)
             ... in a sewer.
             The game lasted 00:03:44 (1712 turns).

JeffiDaFish the Skirmisher (Gargoyle Fighter)       Turns: 1712, Time: 00:03:44

Health: -2/29      AC: 10    Str: 25    XL:     4   Next: 69%
Magic:  4/4        EV:  7    Int:  8    God:    Okawaru [......]
Gold:   79         SH:  9    Dex:  9    Spells: 3/3 levels left

rFire    . . .     SeeInvis .   a - +0 flail
rCold    . . .     Gourm    .   c - +0 shield
rNeg     + . .     Faith    .   b - +0 scale mail
rPois    ∞         Spirit   .   (no helmet)
rElec    +         Reflect  .   (no cloak)
rCorr    .         Harm     .   (no gloves)
MR       .....                  (no boots)
Stlth    ..........             (no amulet)
HPRegen  0.09/turn              i - +4 ring of strength
MPRegen  0.09/turn              (no ring)

@: no status effects
A: negative energy resistance 1, electricity resistance, unbreathing,
petrification resistance, rot immunity, AC +3
a: Renounce Religion


You were in a sewer.
You worshipped Okawaru.
Okawaru was noncommittal.
You were not hungry.

You visited 1 branch of the dungeon, and saw 3 of its levels.
You also visited: Sewer.

You collected 79 gold pieces.

Inventory:

Hand Weapons
 a - a +0 flail (weapon)
Armour
 b - a +0 scale mail (worn)
 c - a +0 shield (worn)
Jewellery
 i - a +4 ring of strength (left hand)
Scrolls
 h - a scroll of remove curse
 j - a scroll of fear
 k - a scroll of identify
Potions
 d - a potion of might
 e - 2 potions of heal wounds
 l - a potion of haste
 m - a potion of invisibility
Comestibles
 f - 9 rations
 g - 2 chunks of flesh


   Skills:
 * Level 4.2 Fighting
 * Level 3.1 Maces & Flails
 + Level 3.8 Armour
 + Level 3.8 Shields


You had 3 spell levels left.
You didn't know any spells.
Your spell library was empty.

Dungeon Overview and Level Annotations

Branches:
Dungeon (3/15)              Sewer (1/1)

Altars:
Okawaru
Uskayaw


Innate Abilities, Weirdness & Mutations

You are resistant to torment.
Your stone body is resilient. (AC +3)
You are immune to poison.
You resist negative energy. (rN+)
You are resistant to electric shocks. (rElec)
You can survive without breathing.
You are immune to petrification.
You are immune to rotting.


Message History

You hit the crocodile but do no damage. The crocodile bites you.
You sock the crocodile!
The crocodile is moderately wounded.
The crocodile barely misses you. The crocodile bites you.
You are too injured to fight recklessly!
You are too injured to fight recklessly!
You hit the crocodile but do no damage.
The crocodile is moderately wounded.
The crocodile bites you.
You completely miss the crocodile.
The crocodile is moderately wounded.
You block the crocodile's attack.
You sock the crocodile!
The crocodile is almost dead.
You block the crocodile's attack.
You barely miss the crocodile.
The crocodile is almost dead.
The crocodile bites you but does no damage.
The crocodile bites you!
You die...

# #### #≈## #≈##
######## #≈##
###.t@...### ##≈##
###..≈.≈.≈≈≈.###
#.≈.#
#≈..≈.####..≈≈.###
#.≈.. #≈≈..≈###
###...≈.###.)÷.
..≈...# ##..≈≈≈≈..≈.#
##.≈≈..
###≈....###≈≈..
?.##≈..≈≈####≈.≈..###
#.≈.. [ ##
..≈≈....≈.### #.≈.#
##......### ##≈##


You could see a crocodile.

Vanquished Creatures
  A river rat (D:3)
  2 adders
  2 oozes
  2 worms
  3 dart slugs
  4 leopard geckos
  4 giant cockroaches
  6 goblins
  3 hobgoblins
  2 jackals (Sewer)
  A ball python (D:2)
  8 bats
  3 frilled lizards
  5 kobolds
  3 rats
49 creatures vanquished.

Notes
Turn   | Place    | Note
-------+----------+-------------------------------------------
     0 | D:1      | JeffiDaFish the Gargoyle Fighter began the quest for the
                  | Orb.
     0 | D:1      | Reached XP level 1. HP: 14/14 MP: 1/1
   141 | D:1      | Reached XP level 2. HP: 15/19 MP: 2/2
   348 | D:1      | Reached XP level 3. HP: 24/24 MP: 3/3
   832 | D:2      | Found a hide-covered altar of Uskayaw.
   851 | D:2      | Noticed a +0 dagger
   852 | D:2      | Noticed a +0 hand axe
   864 | D:2      | Reached skill level 4 in Fighting
   958 | D:2      | Reached XP level 4. HP: 29/29 MP: 4/4
  1162 | D:2      | Found an iron altar of Okawaru.
  1226 | D:2      | Became a worshipper of Warmaster Okawaru
  1381 | D:3      | Noticed an orc warrior
  1538 | D:3      | Found a glowing drain.
  1543 | Sewer    | Entered a sewer
  1699 | Sewer    | Noticed a crocodile
  1712 | Sewer    | Slain by a crocodile

Levels and vault maps discovered:
D:1:      dpeg_arrival_rooms_b, layout_rooms
D:2:      layout_rooms, dancing_weapons_uskayaw, lemuel_coloured_pillars_altar,
          first_ration, st_stairs_9, dk_noncrumbling_3
D:3:      layout_loops_corners, gup_sewer_entry_bowl, hex_large, uniq_sigmund,
          uniq_grinder
Sewer:    sewer_the_crocodile

Skill      XL: |  1  2  3  4 |
---------------+-------------+-----
Fighting       | 4 |  4.2
Maces & Flails | 3 |  3.1
Armour         | |  3.8
Shields        | |  3.8

Action                   |  1- 3 |  4- 6 || total
-------------------------+-------+-------++-------
Melee: Flail             |   145 |    91 ||   236
  Use: Scroll            |     5 |     1 ||     6
       Potion            |     1 |     2 ||     3
  Eat: Chunk             |     1 |     2 ||     3
Armor: Scale mail        |   110 |    48 ||   158
Dodge: Dodged            |    51 |    26 ||    77
Block: Shield            |    96 |    58 ||   154

Table legend:
 A = Non-vault XP
 B = Vault XP
 C = Vault XP percentage of total XP
 D = Non-vault monster count
 E = Vault monster count
 F = Vault count percentage of total count
                 A         B        C        D         E       F
            +---------+---------+-------+---------+---------+-------
      Total |     104 |      36 |  25.7 |      37 |      12 |  24.5
            +---------+---------+-------+---------+---------+-------
        D:1 |      41 |       0 |   0.0 |      20 |       0 |   0.0
        D:2 |      50 |       6 |  10.7 |      16 |       3 |  15.8
        D:3 |      13 |      22 |  62.9 |       1 |       4 |  80.0
      Sewer |       0 |       8 | 100.0 |       0 |       5 | 100.0
            +---------+---------+-------+---------+---------+-------
